 Dungeon Crawl Stone Soup version 0.24.0-13-gcf9b319 (webtiles) character file.

Game seed: 11985332067176284782, levelgen mode: deterministic

12545 Fang the Fighter (level 11, -8/73 HPs)
             Began as a Gargoyle Berserker on Nov 15, 2019.
             Was a High Priest of Trog.
             Mangled by a skeletal warrior
             ... wielding a +0 battleaxe
             ... led by a skeletal warrior
              (25 damage)
             ... on level 12 of the Dungeon.
             The game lasted 00:17:09 (10804 turns).

Fang the Fighter (Gargoyle Berserker)              Turns: 10804, Time: 00:17:10

Health: -8/73      AC: 25    Str: 24    XL:     11   Next: 95%
Magic:  11/11      EV: 11    Int:  8    God:    Trog [*****.]
Gold:   947        SH: 10    Dex:  9    Spells: 10/10 levels left

rFire    . . .     SeeInvis .   a - +1 war axe
rCold    . . .     Gourm    .   l - +0 shield
rNeg     + . .     Faith    .   b - +0 plate armour
rPois    ∞         Spirit   .   (no helmet)
rElec    +         Reflect  .   q - +2 cloak
rCorr    .         Harm     .   (no gloves)
MR       ++...                  (no boots)
Stlth    ..........             (no amulet)
HPRegen  1.22/turn              e - +3 ring of evasion
MPRegen  0.12/turn              E - +2 ring of slaying

@: berserk cooldown, starving, regenerating, slowed, very slow
A: negative energy resistance 1, electricity resistance, unbreathing,
petrification resistance, rot immunity, AC +8
a: Berserk, Trog's Hand, Brothers in Arms, Renounce Religion


You were on level 12 of the Dungeon.
You worshipped Trog.
Trog was extremely pleased with you.
You were starving.

You visited 2 branches of the dungeon, and saw 13 of its levels.
You also visited: Ossuary.

You collected 947 gold pieces.

Inventory:

Hand Weapons
 a - a +1 war axe (weapon)
Armour
 b - a +0 plate armour (worn)
 l - a +0 shield (worn)
 q - a +2 cloak (worn)
Jewellery
 e - a +3 ring of evasion (left hand)
 t - a cursed -5 ring of protection {unknown}
 D - an uncursed ring of protection from cold
 E - a +2 ring of slaying (right hand)
Wands
 i - a wand of paralysis (14)
 v - a wand of polymorph (11)
Scrolls
 d - 7 scrolls of teleportation
 g - 4 scrolls of magic mapping
 j - 3 scrolls of remove curse
 n - 2 scrolls of fog
Potions
 f - 3 potions of agility {unknown}
 h - a potion of degeneration {unknown}
 m - a potion of mutation
 o - 6 potions of curing
 p - 2 potions of flight
 r - a potion of resistance {unknown}
 s - 2 potions of magic
 u - 2 potions of ambrosia
 w - a potion of haste {unknown}
 x - 2 potions of brilliance
 z - 3 potions of heal wounds
 B - a potion of invisibility
 C - 2 potions of might
Comestibles
 c - 18 rations
 k - 2 chunks of flesh


   Skills:
 + Level 10.3 Fighting
 + Level 8.6 Axes
 + Level 9.9 Armour
 + Level 7.6 Dodging
 + Level 6.8 Shields


You had 10 spell levels left.
You didn't know any spells.
Your spell library was empty.

Dungeon Overview and Level Annotations

Branches:
Dungeon (12/15)            Temple (1/1) D:7            Lair (0/6) D:8
    Orc (0/2) D:12        Ossuary (visited)

Altars:
Ashenzari
Dithmenos
Sif Muna
Trog
Uskayaw
Wu Jian
Xom
The Shining One


Innate Abilities, Weirdness & Mutations

You are resistant to torment.
Your stone body is resilient. (AC +8)
You are immune to poison.
You resist negative energy. (rN+)
You are resistant to electric shocks. (rElec)
You can survive without breathing.
You are immune to petrification.
You are immune to rotting.


Message History

* * * LOW HITPOINT WARNING * * *
Your shield and plate armour prevent you from hitting the skeletal warrior.
The skeletal warrior is severely damaged.
You hit the skeletal warrior.
The skeletal warrior is severely damaged.
The skeletal warrior barely misses you.
You hit the skeletal warrior.
The skeletal warrior is severely damaged.
You hit the skeletal warrior.
The skeletal warrior is almost destroyed.
The skeletal warrior misses you.
You barely miss the skeletal warrior.
The skeletal warrior is almost destroyed.
You hit the skeletal warrior.
The skeletal warrior is almost destroyed.
You are no longer berserk.
You are exhausted.
You feel yourself slow down.
The skeletal warrior hits you with a +0 battleaxe!!
You die...

### ######### ....
#.......# .....
#.......# ......###
#.......# ###
.<....†.####..)....#
#..
......#..z@#.......#
###.# .....
####.#)).....####...#
....
#.'.....).'....###
... ###.......######
.. ######'## # #.#
..# #'## ..


You could see a skeletal warrior.

Vanquished Creatures
  Erolcha (D:11)
  A manticore (D:11)
  5 trolls
  A hippogriff (D:7)
  A shadow (D:11)
  4 yaks (D:11)
  Grum (D:8)
  A human (D:7)
  A wyvern (D:11)
  7 vampire mosquitoes (D:12)
  4 hogs (D:7)
  A hungry ghost (D:7)
  Menkaure (D:4)
  Duvessa (D:5)
  2 water moccasins
  5 orc warriors
  4 ice beasts
  4 sky beasts
  2 black bears
  A necrophage (D:10)
  4 ogres
  3 wolves (D:8)
  8 centaurs
  2 big kobolds
  Blork the orc (D:4)
  3 bullfrogs
  Dowan (D:5)
  A wyvern skeleton (D:8)
  6 killer bees
  6 howler monkeys
  8 jellies
  2 crimson imps
  2 bullfrog skeletons
  5 hounds
  5 bullfrog zombies
  7 orc priests
  A gnoll shaman (D:6)
  8 orc wizards
  4 iguanas
  10 worker ants
  A hound zombie (D:6)
  A hound skeleton (D:8)
  14 mummies (Ossuary)
  2 howler monkey zombies
  A howler monkey skeleton (D:7)
  4 worker ant zombies
  7 gnolls (D:6)
  18 adders
  A shadow imp (D:5)
  An ooze (D:6)
  An adder skeleton (D:6)
  3 adder zombies
  5 worms
  4 dart slugs
  4 leopard geckos
  38 orcs
  5 giant cockroaches
  4 goblins
  2 hobgoblins
  17 jackals
  15 kobolds
  3 quokkas
  3 ball pythons
  A ball python skeleton (D:4)
  9 bats
  3 frilled lizards
  4 giant cockroach zombies (Ossuary)
  A jackal skeleton (D:4)
  2 leopard gecko zombies (Ossuary)
  A quokka skeleton (D:7)
  2 quokka zombies (Ossuary)
  7 rats
  A withered plant (Ossuary)
320 creatures vanquished.

Vanquished Creatures (collateral kills)
  4 skeletal warriors (D:12)
4 creatures vanquished.

Vanquished Creatures (others)
  A withered plant (Ossuary)
1 creature vanquished.

Grand Total: 325 creatures vanquished

Notes
Turn   | Place    | Note
-------+----------+-------------------------------------------
     0 | D:1      | Fang the Gargoyle Berserker began the quest for the Orb.
     0 | D:1      | Reached XP level 1. HP: 14/14 MP: 1/1
   502 | D:1      | Reached XP level 2. HP: 19/19 MP: 2/2
   783 | D:2      | Reached XP level 3. HP: 23/23 MP: 3/3
   963 | D:2      | Found a hide-covered altar of Uskayaw.
  1196 | D:2      | Reached ** piety under Trog
  1196 | D:2      | Reached XP level 4. HP: 23/29 MP: 4/4
  1653 | D:3      | Reached skill level 4 in Fighting
  1842 | D:3      | Reached XP level 5. HP: 26/33 MP: 5/5
  2408 | D:4      | Noticed Blork the orc
  2428 | D:4      | Killed Blork the orc
  2428 | D:4      | Reached XP level 6. HP: 31/39 MP: 6/6
  2584 | D:4      | Noticed Menkaure
  2601 | D:4      | Killed Menkaure
  2804 | D:4      | Reached skill level 5 in Fighting
  2822 | D:4      | Reached XP level 7. HP: 44/44 MP: 7/7
  2829 | D:4      | Found a shimmering blue altar of Sif Muna.
  2835 | D:4      | Reached *** piety under Trog
  2892 | D:4      | Found a shimmering altar of Xom.
  3361 | D:5      | Entered Level 5 of the Dungeon
  3483 | D:5      | Noticed Dowan
  3485 | D:5      | Noticed Duvessa
  3519 | D:5      | Killed Duvessa
  3519 | D:5      | Reached skill level 5 in Armour
  3520 | D:5      | Killed Dowan
  3520 | D:5      | Reached XP level 8. HP: 39/51 MP: 8/8
  4190 | D:5      | Reached skill level 6 in Fighting
  4220 | D:5      | Reached skill level 5 in Axes
  4580 | D:6      | Identified the +8 flail "Honkyop" {flame, rF- rN+ Int+2}
  4972 | D:6      | Found a glowing golden altar of the Shining One.
  5343 | D:6      | Found a bloodstained altar of Trog.
  5360 | D:6      | Reached XP level 9. HP: 56/56 MP: 9/9
  5418 | D:6      | Reached skill level 7 in Fighting
  5560 | D:7      | Found a shattered altar of Ashenzari.
  5568 | D:7      | Found a sand-covered staircase.
  5582 | Ossuary  | Entered an ossuary
  5596 | Ossuary  | Reached skill level 5 in Dodging
  5666 | Ossuary  | Reached **** piety under Trog
  6207 | D:7      | Paralysed by fainting for 8 turns
  6217 | D:7      | Paralysed by fainting for 7 turns
  6229 | D:7      | Found a staircase to the Ecumenical Temple.
  6258 | Temple   | Entered the Ecumenical Temple
  6440 | D:7      | Found an ornate altar of the Wu Jian Council.
  6522 | D:7      | Reached skill level 1 in Shields
  6524 | D:7      | Reached skill level 8 in Fighting
  6626 | D:7      | Reached XP level 10. HP: 47/64 MP: 10/10
  6891 | D:8      | Reached ***** piety under Trog
  7146 | D:8      | Noticed Grum
  7168 | D:8      | Killed Grum
  7313 | D:8      | Noticed a five-headed hydra
  7316 | D:8      | Noticed a sphinx
  7411 | D:8      | Found a staircase to the Lair.
  8335 | D:9      | Reached skill level 9 in Fighting
  8529 | D:9      | Found a shadowy altar of Dithmenos.
  8745 | D:10     | Entered Level 10 of the Dungeon
  8902 | D:10     | Reached skill level 5 in Shields
  8902 | D:10     | Reached XP level 11. HP: 52/71 MP: 11/11
  9850 | D:11     | Noticed a manticore
  9862 | D:11     | Killed a manticore
  9862 | D:11     | Received a gift from Trog
 10238 | D:11     | Noticed Erolcha
 10256 | D:11     | Killed Erolcha
 10340 | D:11     | Reached skill level 10 in Fighting
 10578 | D:12     | Found a staircase to the Orcish Mines.
 10712 | D:12     | Noticed a skeletal warrior
 10713 | D:12     | Noticed a skeletal warrior
 10714 | D:12     | Noticed a skeletal warrior
 10715 | D:12     | Noticed a skeletal warrior
 10722 | D:12     | Noticed a skeletal warrior
 10749 | D:12     | Killed a skeletal warrior
 10752 | D:12     | Killed a skeletal warrior
 10754 | D:12     | Killed a skeletal warrior
 10756 | D:12     | Killed a skeletal warrior
 10804 | D:12     | Mangled by a skeletal warrior

Levels and vault maps discovered:
D:1:      lemuel_arrival_funnel, layout_basic
D:2:      layout_basic, overflow_temple_1_default, first_ration
D:3:      layout_loops_cross, kennysheep_boxes
D:4:      layout_loops_ring, lemuel_round_altar, overflow_temple_1_default,
          grunt_ministairs_12, uniq_menkaure, uniq_blork_the_orc
D:5:      layout_basic, uniq_duvessa
D:6:      layout_basic, lemuel_doored_altar, trog_butcher_becter
D:7:      layout_basic, cheibrodos_ashenzari_chains,
          lemuel_coloured_pillars_altar, minmay_temple_entry_sparse_star,
          nicolae_ossuary_entry_ruins, grunt_livestock, st_stairs_3
D:8:      layout_basic, lair_entry_dummy, onia_ninara_dug_in_and_dangerous,
          uniq_grum
D:9:      layout_stronghold, nicolae_dithmenos_shadow_blocks,
          grunt_decor_mini_mirrors
D:10:     hangedman_cross_stitches, layout_rooms, chequers_arboretum
D:11:     layout_roguey, uniq_erolcha
D:12:     layout_roguey, hiddenorc1_lemuel, minmay_nine_imps
Temple:   regret_index_temple_generic_petals

Skill      XL: |  1  2  3  4  5  6  7  8  9 10 11 |
---------------+----------------------------------+-----
Axes           | 3 4 5 6 7 8 |  8.6
Dodging        | 2 3 4 5 6 7 |  7.6
Armour         | 3 4 5 6 7 8 9 |  9.9
Fighting       | 4 5 6 8 9 10 | 10.3
Shields        | 2 5 6 |  6.8

Action                   |  1- 3 |  4- 6 |  7- 9 | 10-12 || total
-------------------------+-------+-------+-------+-------++-------
Melee: Hand axe          |   109 |   281 |   386 |       ||   776
       Unarmed           |       |     1 |       |       ||     1
       War axe           |       |       |   223 |   557 ||   780
Invok: Berserk           |       |       |     8 |     8 ||    16
       Trog's Hand       |       |       |     3 |     1 ||     4
       Brothers in Arms  |       |       |       |     1 ||     1
  Use: Scroll            |       |       |     3 |    19 ||    22
  Eat: Chunk             |     1 |     6 |    18 |    20 ||    45
       Ration            |       |       |     2 |       ||     2
Armor: Animal skin       |     6 |       |       |       ||     6
       Chain mail        |    62 |   171 |   389 |    32 ||   654
       Plate armour      |       |       |       |   332 ||   332
Dodge: Dodged            |    51 |   118 |   283 |   325 ||   777
Block: Shield            |    43 |   115 |   269 |   390 ||   817
